TOP OF THE 1ST |
Flint Crush batting - Pitching for Ellesmere Island Snowpeople : RHP Eugene Blake
|
Pitching: RHP Eugene Blake
|
|
Batting: RHB Haiku Arinya
|
0-0: Ball 1-0: Foul Ball, location: 2F 1-1: DOUBLE (Line Drive, 5D, EV 102.5 MPH)
|
Batting: LHB Rod Johnson
|
0-0: Ball 1-0: Ball 2-0: Ball 3-0: Base on Balls
|
Batting: LHB Ernesto Vázquez
|
0-0: Swinging Strike 0-1: Ball 1-1: Swinging Strike 1-2: Foul Ball, location: 2F 1-2: Strikes out swinging
|
Batting: RHB Francisco Garza
|
0-0: Ball 1-0: Swinging Strike 1-1: Ball 2-1: Foul Ball, location: 2F 2-2: Foul Ball, location: 2F 2-2: Ball 3-2: Fly out, F7 (Flyball, 78M, EV 78.8 MPH)
|
Batting: LHB Roy Hewat
|
0-0: Called Strike 0-1: Swinging Strike 0-2: Strikes out swinging
|
Top of the 1st over - 0 runs, 1 hit, 0 errors, 2 left on base; Flint 0 - Ellesmere Island 0 |
BOTTOM OF THE 1ST |
Ellesmere Island Snowpeople batting - Pitching for Flint Crush : RHP Dan Ward
|
Pitching: RHP Dan Ward
|
|
Batting: LHB Scott Rice
|
0-0: Swinging Strike 0-1: Called Strike 0-2: Ball 1-2: Foul Ball, location: 2F 1-2: Foul Ball, location: 2F 1-2: Foul Ball, location: 2F 1-2: SINGLE (Line Drive, 9S, EV 100.0 MPH)
|
Batting: RHB Manny Díaz
|
0-0: Ball 1-0: Ball 2-0: Ball 3-0: Base on Balls Scott Rice to second
|
Batting: RHB José Díaz
|
0-0: Ball 1-0: Called Strike 1-1: Swinging Strike 1-2: Ball 2-2: Ball 3-2: SINGLE (Flyball, 8RS, EV 91.9 MPH) Scott Rice to third Manny Díaz to second
|
Batting: SHB Harry Kofmeister
|
0-0: Ball 1-0: Ball 2-0: Swinging Strike 2-1: Ball 3-1: Base on Balls Scott Rice scores Manny Díaz to third José Díaz to second
|
Batting: LHB Clarence Hoffman
|
0-0: Swinging Strike 0-1: SINGLE (Line Drive, 9S, EV 86.9 MPH) Manny Díaz scores José Díaz to third Harry Kofmeister to second
|
Batting: RHB Juan Herrera
|
0-0: Grounds into double play, 6-4-3 (Groundball, 6, EV 81.2 MPH) José Díaz scores Harry Kofmeister to third
|
Batting: RHB Francisco Guerrero
|
0-0: Swinging Strike 0-1: SINGLE (Line Drive, 78S, EV 98.1 MPH) Harry Kofmeister scores
|
Batting: LHB Francisco Hernández
|
0-0: Ball 1-0: Ground out 4-3 (Groundball, 4, EV 102.5 MPH)
|
Bottom of the 1st over - 4 runs, 4 hits, 0 errors, 1 left on base; Flint 0 - Ellesmere Island 4 |
TOP OF THE 2ND |
Flint Crush batting - Pitching for Ellesmere Island Snowpeople : RHP Eugene Blake
|
Batting: RHB William Collins
|
0-0: Ball 1-0: Foul Ball, location: 2F 1-1: Foul Ball, location: 2F 1-2: Ball 2-2: Strikes out swinging
|
Batting: RHB Thomas Sharp
|
0-0: Fly out, F9 (Flyball, 9D, EV 95.0 MPH)
|
Batting: LHB Kobbe van Houwelingen
|
0-0: Ball 1-0: Ball 2-0: Ball 3-0: Called Strike 3-1: Ground out 3-1 (Groundball, 34, EV 84.4 MPH)
|
Top of the 2nd over - 0 runs, 0 hits, 0 errors, 0 left on base; Flint 0 - Ellesmere Island 4 |
BOTTOM OF THE 2ND |
Ellesmere Island Snowpeople batting - Pitching for Flint Crush : RHP Dan Ward
|
Batting: RHB Kuan Huie
|
0-0: Ground out 4-3 (Groundball, 4M, EV 101.9 MPH)
|
Batting: LHB Scott Rice
|
0-0: Swinging Strike 0-1: Fly out, F7 (Flyball, 7LM, EV 92.5 MPH)
|
Batting: RHB Manny Díaz
|
0-0: Ball 1-0: Called Strike 1-1: Ball 2-1: SINGLE (Groundball, 6MD, EV 97.5 MPH)
|
Batting: RHB José Díaz
|
0-0: Called Strike 0-1: Foul Ball, location: 2F 0-2: Ball 1-2: Foul Ball, location: 2F 1-2: Foul Ball, location: 2F 1-2: Ball 2-2: Ball 3-2: Strikes out swinging
|
Bottom of the 2nd over - 0 runs, 1 hit, 0 errors, 1 left on base; Flint 0 - Ellesmere Island 4 |
TOP OF THE 3RD |
Flint Crush batting - Pitching for Ellesmere Island Snowpeople : RHP Eugene Blake
|
Batting: LHB Edgardo Barrera
|
0-0: Ball 1-0: Called Strike 1-1: Ball 2-1: Ball 3-1: Base on Balls
|
Batting: RHB Haiku Arinya
|
0-0: Foul Ball, location: 2F 0-1: Ball 1-1: Fielders Choice at 2nd, 5-4 (Groundball, 5, EV 85.6 MPH)
|
Batting: LHB Rod Johnson
|
0-0: Foul Ball, location: 2F 0-1: Ball 1-1: Ball 2-1: Called Strike 2-2: Strikes out swinging
|
Batting: LHB Ernesto Vázquez
|
0-0: Fly out, F7 (Flyball, 7D, EV 91.2 MPH)
|
Top of the 3rd over - 0 runs, 0 hits, 0 errors, 1 left on base; Flint 0 - Ellesmere Island 4 |
BOTTOM OF THE 3RD |
Ellesmere Island Snowpeople batting - Pitching for Flint Crush : RHP Dan Ward
|
Batting: SHB Harry Kofmeister
|
0-0: Ball 1-0: Swinging Strike 1-1: Swinging Strike 1-2: Ball 2-2: Foul Ball, location: 2F 2-2: Strikes out looking
|
Batting: LHB Clarence Hoffman
|
0-0: Called Strike 0-1: Called Strike 0-2: Strikes out swinging
|
Batting: RHB Juan Herrera
|
0-0: Called Strike 0-1: Ball 1-1: Foul Ball, location: 2F 1-2: Ball 2-2: Foul Ball, location: 2F 2-2: SINGLE (Groundball, 34D, EV 108.1 MPH)
|
Batting: RHB Francisco Guerrero
|
0-0: Foul Ball, location: 2F 0-1: Swinging Strike 0-2: Strikes out looking
|
Bottom of the 3rd over - 0 runs, 1 hit, 0 errors, 1 left on base; Flint 0 - Ellesmere Island 4 |
TOP OF THE 4TH |
Flint Crush batting - Pitching for Ellesmere Island Snowpeople : RHP Eugene Blake
|
Batting: RHB Francisco Garza
|
0-0: Foul Ball, location: 2F 0-1: Ball 1-1: Foul Ball, location: 2F 1-2: DOUBLE (Flyball, 8LXD, EV 106.9 MPH)
|
Batting: LHB Roy Hewat
|
0-0: SINGLE (Groundball, 6MD, EV 105.0 MPH) Francisco Garza to third Runner from 3rd tries for Home, SAFE, throw by CF to home
|
Batting: RHB William Collins
|
0-0: Called Strike 0-1: Ball 1-1: Fielders Choice at 2nd, 1-6 (Groundball, 34S, EV 67.5 MPH)
|
Batting: RHB Thomas Sharp
|
0-0: Called Strike 0-1: Called Strike 0-2: Ball 1-2: Strikes out swinging
|
Batting: LHB Kobbe van Houwelingen
|
0-0: Fly out, F8 (Flyball, 8RM, EV 84.4 MPH)
|
Top of the 4th over - 1 run, 2 hits, 0 errors, 1 left on base; Flint 1 - Ellesmere Island 4 |
BOTTOM OF THE 4TH |
Ellesmere Island Snowpeople batting - Pitching for Flint Crush : RHP Dan Ward
|
Batting: LHB Francisco Hernández
|
0-0: Ball 1-0: Called Strike 1-1: Called Strike 1-2: Ball 2-2: SINGLE (Groundball, 34S, EV 82.5 MPH) (infield hit)
|
Batting: RHB Kuan Huie
|
0-0: Ball 1-0: Called Strike 1-1: Ball 2-1: Foul Ball, location: 2F 2-2: SINGLE (Groundball, 56D, EV 106.9 MPH) Francisco Hernández to second
|
Batting: LHB Scott Rice
|
0-0: Ball 1-0: Ball 2-0: Foul Ball, location: 2F 2-1: Grounds into double play, 4-6-3 (Groundball, 4S, EV 88.8 MPH) Francisco Hernández to third
|
Batting: RHB Manny Díaz
|
0-0: Ball 1-0: Swinging Strike 1-1: Ball 2-1: Ball 3-1: SINGLE (Groundball, 6MD, EV 95.6 MPH) Francisco Hernández scores
|
Pitching: RHP Cheslav Adaikin
|
|
Batting: RHB José Díaz
|
0-0: SINGLE (Groundball, 56D, EV 101.9 MPH) Manny Díaz to second
|
Batting: SHB Harry Kofmeister
|
0-0: Ball 1-0: Called Strike 1-1: Foul Ball, location: 2F 1-2: Foul Ball, location: 2F 1-2: Ball 2-2: Foul Ball, location: 2F 2-2: Foul Ball, location: 2F 2-2: Foul Ball, location: 2F 2-2: Strikes out swinging
|
Bottom of the 4th over - 1 run, 4 hits, 0 errors, 2 left on base; Flint 1 - Ellesmere Island 5 |
TOP OF THE 5TH |
Flint Crush batting - Pitching for Ellesmere Island Snowpeople : RHP Eugene Blake
|
Batting: LHB Edgardo Barrera
|
0-0: Ball 1-0: Ball 2-0: Ball 3-0: Swinging Strike 3-1: Fly out, F8 (Flyball, 78M, EV 93.1 MPH)
|
Batting: RHB Haiku Arinya
|
0-0: Called Strike 0-1: Swinging Strike 0-2: Strikes out swinging
|
Batting: LHB Rod Johnson
|
0-0: Called Strike 0-1: Called Strike 0-2: Ball 1-2: Strikes out looking
|
Top of the 5th over - 0 runs, 0 hits, 0 errors, 0 left on base; Flint 1 - Ellesmere Island 5 |
BOTTOM OF THE 5TH |
Ellesmere Island Snowpeople batting - Pitching for Flint Crush : RHP Cheslav Adaikin
|
Batting: LHB Clarence Hoffman
|
0-0: Ball 1-0: Ball 2-0: Ball 3-0: Swinging Strike 3-1: Called Strike 3-2: Foul Ball, location: 2F 3-2: Strikes out swinging
|
Batting: RHB Juan Herrera
|
0-0: Ball 1-0: Ball 2-0: Foul Ball, location: 2F 2-1: Foul Ball, location: 2F 2-2: Strikes out swinging
|
Batting: RHB Francisco Guerrero
|
0-0: Ball 1-0: Ball 2-0: Foul Ball, location: 2F 2-1: Called Strike 2-2: Ball 3-2: Strikes out swinging
|
Bottom of the 5th over - 0 runs, 0 hits, 0 errors, 0 left on base; Flint 1 - Ellesmere Island 5 |
TOP OF THE 6TH |
Flint Crush batting - Pitching for Ellesmere Island Snowpeople : RHP Eugene Blake
|
Batting: LHB Ernesto Vázquez
|
0-0: Ball 1-0: Ball 2-0: Called Strike 2-1: Ball 3-1: Fly out, F7 (Flyball, 7, EV 88.1 MPH)
|
Batting: RHB Francisco Garza
|
0-0: Ball 1-0: Ball 2-0: Ball 3-0: Base on Balls
|
Batting: LHB Roy Hewat
|
0-0: Ball Francisco Garza steals 2nd base (no throw) 1-0: Ball 2-0: Ball 3-0: Called Strike 3-1: Base on Balls
|
Batting: RHB William Collins
|
0-0: Ball 1-0: Foul Ball, location: 2F 1-1: Foul Ball, location: 2F 1-2: Ball 2-2: Ball 3-2: SINGLE (Flyball, 7LS, EV 83.1 MPH) Francisco Garza to third Roy Hewat to second
|
Batting: RHB Thomas Sharp
|
0-0: Called Strike 0-1: Called Strike 0-2: Foul Ball, location: 2F 0-2: Strikes out looking
|
Batting: LHB Kobbe van Houwelingen
|
0-0: SINGLE (Groundball, 56D, EV 94.4 MPH) Francisco Garza scores Roy Hewat to third William Collins to second Runner from 3rd tries for Home, SAFE, throw by LF to home
|
Batting: LHB Edgardo Barrera
|
0-0: SINGLE (Line Drive, 34D, EV 101.9 MPH) William Collins to third Kobbe van Houwelingen to second Runner from 3rd tries for Home, SAFE, throw by RF to home
|
Pitching: LHP Aires Honig
|
|
Batting: RHB Haiku Arinya
|
0-0: Called Strike 0-1: Ball 1-1: Fly out, F8 (Flyball, 78D, EV 85.6 MPH)
|
Top of the 6th over - 3 runs, 3 hits, 0 errors, 2 left on base; Flint 4 - Ellesmere Island 5 |
BOTTOM OF THE 6TH |
Ellesmere Island Snowpeople batting - Pitching for Flint Crush : RHP Cheslav Adaikin
|
Batting: LHB Francisco Hernández
|
0-0: Foul Ball, location: 2F 0-1: Ball 1-1: Foul Ball, location: 2F 1-2: Foul Ball, location: 2F 1-2: Ball 2-2: Ball 3-2: Strikes out looking
|
Batting: RHB Kuan Huie
|
0-0: Foul Ball, location: 2F 0-1: Called Strike 0-2: Foul Ball, location: 2F 0-2: Reached on error, E6 (Groundball, 6, EV 90.6 MPH)
|
Batting: LHB Scott Rice
|
0-0: Ball Kuan Huie steals 2nd, throwing error, E2 Kuan Huie to third 1-0: Intentional Walk
|
Batting: RHB Manny Díaz
|
0-0: Ball 1-0: Called Strike Scott Rice steals 2nd base 1-1: Ball 2-1: Ball 3-1: Fly out, F9 (Flyball, 89S, EV 90.6 MPH)
|
Batting: RHB José Díaz
|
0-0: Ball 1-0: Swinging Strike 1-1: Ball 2-1: Foul Ball, location: 2F 2-2: Strikes out swinging
|
Bottom of the 6th over - 0 runs, 0 hits, 2 errors, 2 left on base; Flint 4 - Ellesmere Island 5 |
TOP OF THE 7TH |
Flint Crush batting - Pitching for Ellesmere Island Snowpeople : LHP Aires Honig
|
Pinch Hitting: SHB Harry Brown
|
0-0: Swinging Strike 0-1: Ball 1-1: Swinging Strike 1-2: Strikes out swinging
|
Pinch Hitting: LHB António Castillo
|
0-0: Foul Ball, location: 2F 0-1: Ball 1-1: Swinging Strike 1-2: Foul Ball, location: 2F 1-2: Strikes out looking
|
Batting: RHB Francisco Garza
|
0-0: SINGLE (Groundball, 6D, EV 98.8 MPH)
|
Batting: LHB Roy Hewat
|
0-0: Ball 1-0: Fly out, F8 (Line Drive, 8RD, EV 86.2 MPH)
|
Top of the 7th over - 0 runs, 1 hit, 0 errors, 1 left on base; Flint 4 - Ellesmere Island 5 |
BOTTOM OF THE 7TH |
Ellesmere Island Snowpeople batting - Pitching for Flint Crush : RHP Cheslav Adaikin
|
Now in CF: Harry Brown
|
|
Now in RF: David Sterling
|
|
Batting: SHB Harry Kofmeister
|
0-0: Swinging Strike 0-1: Ball 1-1: Swinging Strike 1-2: Strikes out swinging
|
Batting: LHB Clarence Hoffman
|
0-0: Called Strike 0-1: Ball 1-1: Ball 2-1: Foul Ball, location: 2F 2-2: Strikes out swinging
|
Batting: RHB Juan Herrera
|
0-0: Swinging Strike 0-1: Fly out, F9 (Line Drive, 89M, EV 90.6 MPH)
|
Bottom of the 7th over - 0 runs, 0 hits, 0 errors, 0 left on base; Flint 4 - Ellesmere Island 5 |
TOP OF THE 8TH |
Flint Crush batting - Pitching for Ellesmere Island Snowpeople : LHP Aires Honig
|
Batting: RHB William Collins
|
0-0: Ball 1-0: Ball 2-0: Ball 3-0: Base on Balls
|
Pitching: RHP Francisco Cortés
|
|
Batting: RHB Thomas Sharp
|
0-0: Called Strike 0-1: Foul Ball, location: 2F 0-2: Foul Ball, location: 2F 0-2: Strikes out looking
|
Batting: LHB Kobbe van Houwelingen
|
0-0: Called Strike 0-1: Grounds into double play, 6-4-3 (Groundball, 6M, EV 76.2 MPH)
|
Top of the 8th over - 0 runs, 0 hits, 0 errors, 0 left on base; Flint 4 - Ellesmere Island 5 |
BOTTOM OF THE 8TH |
Ellesmere Island Snowpeople batting - Pitching for Flint Crush : RHP Cheslav Adaikin
|
Pitching: LHP Júlio Medina
|
|
Batting: RHB Francisco Guerrero
|
0-0: Ball 1-0: Foul Ball, location: 2F 1-1: Foul Ball, location: 2F 1-2: Strikes out looking
|
Batting: LHB Francisco Hernández
|
0-0: Ball 1-0: Ball 2-0: Foul Ball, location: 2F 2-1: SINGLE (Groundball, 4MS, EV 61.9 MPH) (infield hit)
|
Batting: RHB Kuan Huie
|
0-0: Foul Ball, location: 2F 0-1: Ball 1-1: Fly out, F8 (Flyball, 8RM, EV 89.4 MPH)
|
Batting: LHB Scott Rice
|
0-0: Ball 1-0: Ball 2-0: Ball 3-0: Called Strike 3-1: Ground out 4-3 (Groundball, 4S, EV 69.4 MPH)
|
Bottom of the 8th over - 0 runs, 1 hit, 0 errors, 1 left on base; Flint 4 - Ellesmere Island 5 |
TOP OF THE 9TH |
Flint Crush batting - Pitching for Ellesmere Island Snowpeople : RHP Francisco Cortés
|
Pitching: RHP Roberto Gonzáles
|
|
Batting: LHB Edgardo Barrera
|
0-0: Ball 1-0: Foul Ball, location: 2F 1-1: Ground out 1-3 (Groundball, 15, EV 73.1 MPH)
|
Batting: RHB Haiku Arinya
|
0-0: Ball 1-0: Foul Ball, location: 2F 1-1: Called Strike 1-2: SOLO HOME RUN (Line Drive, 78XD, EV 112.5 MPH), Distance : 439 ft
|
Batting: SHB Harry Brown
|
0-0: Swinging Strike 0-1: Ground out U3 (Groundball, 34S, EV 86.2 MPH)
|
Batting: RHB David Sterling
|
0-0: Called Strike 0-1: Ball 1-1: Ball 2-1: Foul Ball, location: 2F 2-2: Strikes out swinging
|
Top of the 9th over - 1 run, 1 hit, 0 errors, 0 left on base; Flint 5 - Ellesmere Island 5 |
BOTTOM OF THE 9TH |
Ellesmere Island Snowpeople batting - Pitching for Flint Crush : LHP Júlio Medina
|
Batting: RHB Manny Díaz
|
0-0: Ball 1-0: Ball 2-0: SINGLE (Groundball, 6D, EV 97.5 MPH)
|
Batting: RHB José Díaz
|
0-0: Ball 1-0: Ball 2-0: Called Strike 2-1: Foul Ball, location: 2F 2-2: Fielders Choice at 2nd, 5-4 (Groundball, 56S, EV 88.8 MPH)
|
Batting: SHB Harry Kofmeister
|
0-0: Ball 1-0: Called Strike 1-1: Called Strike 1-2: Foul Ball, location: 2F 1-2: Strikes out looking
|
Pinch Hitting: RHB Bubba William
|
0-0: Called Strike 0-1: Ground out 6-3 (Groundball, 56D, EV 108.1 MPH)
|
Bottom of the 9th over - 0 runs, 1 hit, 0 errors, 1 left on base; Flint 5 - Ellesmere Island 5 |
TOP OF THE 10TH |
Flint Crush batting - Pitching for Ellesmere Island Snowpeople : RHP Roberto Gonzáles
|
Now at 1B: Chang-lit Kim
|
|
Batting: RHB Francisco Garza
|
0-0: Called Strike 0-1: Foul Ball, location: 2F 0-2: Strikes out swinging
|
Batting: LHB Roy Hewat
|
0-0: Ball 1-0: Ball 2-0: SOLO HOME RUN (Flyball, 9D, EV 96.9 MPH), Distance : 383 ft
|
Batting: RHB William Collins
|
0-0: Ball 1-0: Ball 2-0: Ball 3-0: Called Strike 3-1: Foul Ball, location: 2F 3-2: Ground out U3 (Groundball, 34S, EV 73.1 MPH)
|
Batting: RHB Thomas Sharp
|
0-0: Swinging Strike 0-1: Foul Ball, location: 2F 0-2: Ball 1-2: Fly out, F7 (Flyball, 7S, EV 63.8 MPH)
|
Top of the 10th over - 1 run, 1 hit, 0 errors, 0 left on base; Flint 6 - Ellesmere Island 5 |
BOTTOM OF THE 10TH |
Ellesmere Island Snowpeople batting - Pitching for Flint Crush : LHP Júlio Medina
|
Pitching: LHP Elwood Graham
|
|
Batting: RHB Juan Herrera
|
0-0: Foul Ball, location: 2F 0-1: Foul Ball, location: 2F 0-2: Foul Ball, location: 2F 0-2: Strikes out swinging
|
Pinch Hitting: LHB Greg Ax
|
0-0: Ball 1-0: Called Strike 1-1: Foul Ball, location: 2F 1-2: Ball 2-2: Ground out U3 (Groundball, 34, EV 108.8 MPH)
|
Pinch Hitting: RHB Broderick Petersen
|
0-0: Ball 1-0: Ball 2-0: Called Strike 2-1: Ball 3-1: Fly out, F9 (Line Drive, 89D, EV 100.0 MPH)
|
Bottom of the 10th over - 0 runs, 0 hits, 0 errors, 0 left on base; Flint 6 - Ellesmere Island 5 |
|